 Dungeon Crawl Stone Soup version 0.28-a0-175-gb2089b6bb7 (webtiles) character file.

Game seed: 4197154533253511195

1569 Nattfarinn the Fighter (level 9, -4/70 HPs)
             Began as a Djinni Venom Mage on Aug 17, 2021.
             Slain by a gnoll (5 damage)
             ... on level 6 of the Dungeon.
             The game lasted 00:14:32 (9277 turns).

Nattfarinn the Fighter (Djinni Venom Mage)          Turns: 9277, Time: 00:14:32

Health: -4/70      AC:  2    Str:  7    XL:     9   Next: 13%
Gold:   313        EV: 12    Int: 19    God:
                   SH:  0    Dex: 13

rFire   + + .      SeeInvis .   (no weapon)
rCold   x . .      Faith    .   (no shield)
rNeg    . . .      Spirit   .   a - +0 robe
rPois   ∞          Reflect  .   (no helmet)
rElec   .          Harm     .   (no cloak)
rCorr   .          Rampage  .   (no gloves)
Will    .....                   (boots unavailable)
Stlth   ++........              (no amulet)
HPRegen 0.21/turn               (no ring)
MPRegen 0.00/turn               (no ring)

@: flying, very slightly contaminated
A: sickness immunity, fire resistance 2, cold vulnerability 1, float, innate
caster, hp casting, extra vitality 1, dopey 1
a: no special abilities


You were on level 6 of the Dungeon.
You visited 2 branches of the dungeon, and saw 7 of its levels.
You also visited: Sewer.

You collected 313 gold pieces.

Inventory:

Hand Weapons
 b - a +3 vampiric short sword
Armour
 a - a +0 robe (worn)
Jewellery
 q - a ring of protection from cold
Wands
 p - a wand of flame (19)
Scrolls
 c - a scroll of vulnerability {unknown}
 e - 2 scrolls of identify
 f - 3 scrolls of enchant armour
 g - 2 scrolls of teleportation
 r - a scroll of holy word {unknown}
Potions
 h - a potion of invisibility {unknown}
 j - a potion of attraction {unknown}
 k - a potion of degeneration {unknown}
 m - 6 potions of flight


   Skills:
 * Level 8.0 Fighting
 - Level 2.1 Dodging
 - Level 1.5 Stealth
 - Level 6.1 Spellcasting


You couldn't memorise any spells.
You knew the following spells:

 Your Spells              Type           Power      Damage    Failure   Level
a - Sting                 Tmut/Pois      100%       1d8       1%          1
b - Poisonous Vapours     Pois/Air       58%        N/A       1%          2
c - Mephitic Cloud        Conj/Pois/Air  29%        N/A       2%          3
d - Olgreb's Toxic Radia  Pois           29%        N/A       9%          4
e - Beastly Appendage     Tmut           58%        N/A       1%          1
f - Wereblood             Tmut           29%        N/A       1%          2
g - Gell's Gravitas       Tloc           14%        N/A       2%          3
h - Airstrike             Air            14%        N/A       9%          4
Your spell library was empty.

Dungeon Overview and Level Annotations

Branches:
Dungeon (6/15)             Temple (1/1) D:4           Sewer (visited)

Altars:
Ashenzari
Cheibriados
Dithmenos
Elyvilon
Fedhas
Gozag
Hepliaklqana
Kikubaaqudgha
Nemelex Xobeh
Okawaru
Qazlal
Ru
Sif Muna
Trog
Vehumet
Xom
Yredelemnul
The Shining One

Shops:
D:1 (   D:5 **   D:6 *

Annotations:
D:4 3 runed translucent doors, Nattfarinn's ghost, amateur DjVM
D:5 Menkaure


Innate Abilities, Weirdness & Mutations

You are immune to sickness and miasma.
You are immune to poison.
Your flesh is very heat resistant. (rF++)
You are vulnerable to cold. (rC-)
You float through the air rather than walking.
You learn spells naturally, not from books.
Your magical power is your life essence.
You have superior vitality. (+4 HP)
You are dopey. (Int -2)


Message History

The orc priest looks satisfied for a moment.
Casting: Airstrike (dangerous; 8% risk of failure)
Confirm with . or Enter, or press ? or * to list all spells.
Aiming: Airstrike (dangerous; 8% risk of failure)
Press: ? - help, Dir - move target, f/p - orc priest
Aim: an orc priest, wielding a +0 morningstar and wearing a +0 leather armour (empty space bonus: 7/8)
The air twists around and strikes the orc priest!
The orc priest is severely wounded.
* * * LOW HITPOINT WARNING * * *
A gnoll comes into view. It is wielding a +0 spear.
Unknown command.
Casting: Airstrike (dangerous; 8% risk of failure)
Confirm with . or Enter, or press ? or * to list all spells.
Aiming: Sting (safe; 1% risk of failure)
Press: ? - help, Shift-Dir - straight line, f/p - orc priest
Aim: an orc priest, wielding a +0 morningstar and wearing a +0 leather armour (severely wounded, 78% to hit)
The sting hits the orc priest.
The orc priest is poisoned.
The orc priest is almost dead.
* * * LOW HITPOINT WARNING * * *
Unknown command.
Okay, then.
Okay, then.
It was a potion of mutation.
You feel extremely strange.
You feel stupid.
The orc priest hits you with a +0 morningstar.
* * * LOW HITPOINT WARNING * * *
The gnoll barely misses you.
Press: ? - help, v - describe, . - travel
Here: an orc priest, wielding a +0 morningstar and wearing a +0 leather armour (almost dead, poisoned)
The floor.
As you read the scroll labelled MAOMOM TUEMIUP, it crumbles to dust.
It is a scroll of amnesia.
You feel forgetful for a moment. The orc priest barely misses you.
The gnoll closely misses you.
As you read the scroll labelled FENKYI NYR INIV, it crumbles to dust.
It is a scroll of enchant weapon.
Your +2 vampiric short sword glows red for a moment.
You kill the orc priest!
The gnoll hits you from afar with a +0 spear.
You die...

**########################
+,........))).)')..#.....#
+,.......)...)$'(..#.....#
**##''########'#g..#PP♣..#
*,...,,,,,,#..)#)..#♣PP..#
*,.,,,,,,,,#.).#@.)#♣P♣..#
*,,,,,,,,,,#.>.#####♣PP..######**
*,,,,,,,,,,#...#P♣♣♣P♣........#,,
**********##'''#PPPPP.........#,,
****,,,*♣♣♣....♣PPP♣P.........#,,
*,*,,,,,♣PP.....P♣P...........#..
,,,,,,,♣P♣P...)...P...........#..
,,,,,,P.P.......)..)..........#..
,,,,,,............##..###....##..


You could see a gnoll.

Vanquished Creatures
  A black bear (D:6)
  An orc warrior (D:6)
  4 ogres
  A centaur (D:6)
  A kobold brigand (D:6)
  2 scorpions (D:5)
  A centaur zombie (D:5)
  A jelly (D:4)
  5 hounds
  An orc priest (D:6)
  2 gnoll shamans
  2 merfolk sirens (Sewer)
  4 orc wizards
  A merfolk avatar (Sewer)
  10 gnolls
  9 adders
  3 river rats
  A shadow imp (D:3)
  An ufetubus (D:4)
  An adder skeleton (D:4)
  2 worms
  3 dart slugs
  8 orcs
  2 endoplasms
  6 giant cockroaches
  4 goblins
  7 hobgoblins
  3 jackals (D:4)
  11 kobolds
  6 quokkas
  14 ball pythons
  7 bats
  8 frilled lizards
  26 rats
159 creatures vanquished.

Vanquished Creatures (others)
  6 plants
6 creatures vanquished.

Grand Total: 165 creatures vanquished

Notes
Turn   | Place    | Note
-------+----------+-------------------------------------------
     0 | D:1      | Nattfarinn the Djinni Venom Mage began the quest for the
                  | Orb.
     0 | D:1      | Reached XP level 1. HP: 15/15 MP: 0/0
   265 | D:1      | Found Riosityeb's Antique Weapon Boutique.
   337 | D:1      | Found a faded altar of an unknown god.
   465 | D:1      | Reached XP level 2. HP: 19/21 MP: 0/0
   988 | D:1      | Reached XP level 3. HP: 23/25 MP: 0/0
   988 | D:1      | Learned a level 1 spell: Beastly Appendage
  1614 | D:2      | Reached XP level 4. HP: 10/31 MP: 0/0
  2395 | D:3      | Reached XP level 5. HP: 24/35 MP: 0/0
  2395 | D:3      | Learned a level 2 spell: Wereblood
  3644 | D:4      | Noticed an ogre
  3663 | D:4      | Killed an ogre
  3664 | D:4      | Reached skill level 5 in Spellcasting
  3664 | D:4      | Reached XP level 6. HP: 28/40 MP: 0/0
  4303 | D:4      | Found a staircase to the Ecumenical Temple.
  4353 | D:4      | Reached XP level 7. HP: 36/45 MP: 0/0
  4353 | D:4      | Learned a level 3 spell: Gell's Gravitas
  4363 | Temple   | Entered the Ecumenical Temple
  4462 | D:4      | Found a runed translucent gate.
  4483 | D:4      | Found a runed translucent gate.
  4484 | D:4      | Found a runed translucent gate.
  5174 | D:4      | Found a bloodstained altar of Trog.
  5201 | D:4      | Noticed Nattfarinn's ghost (amateur DjVM)
  5551 | D:5      | Entered Level 5 of the Dungeon
  5604 | D:5      | Reached skill level 1 in Fighting
  5849 | D:5      | Found a blossoming altar of Fedhas.
  5944 | D:5      | Reached skill level 2 in Fighting
  6066 | D:5      | Reached skill level 3 in Fighting
  6140 | D:5      | Noticed Menkaure
  6351 | D:5      | Found Gasepalu's General Store.
  6355 | D:5      | Found Buothreish's Specific Store.
  6652 | D:5      | Reached XP level 8. HP: 36/56 MP: 0/0
  6846 | D:6      | Found Eriop's Serpentskin Sales.
  7090 | D:6      | Found a glowing drain.
  7094 | Sewer    | Entered a sewer
  7222 | Sewer    | Reached skill level 4 in Fighting
  8220 | D:6      | Reached skill level 5 in Fighting
  8512 | D:6      | Found a snail-covered altar of Cheibriados.
  8762 | D:6      | Reached skill level 6 in Fighting
  9026 | D:6      | Reached skill level 7 in Fighting
  9090 | D:6      | Reached XP level 9. HP: 36/68 MP: 0/0
  9090 | D:6      | Learned a level 4 spell: Airstrike
  9201 | D:6      | HP: 2/70 [gnoll (6)]
  9203 | D:6      | Reached skill level 8 in Fighting
  9275 | D:6      | Gained mutation: You are dopey. (Int -2) [potion of
                  | mutation]
  9275 | D:6      | HP: 1/70 [orc priest (2)]
  9277 | D:6      | Slain by a gnoll

Illustrated notes

Levels and vault maps discovered:
D:1:      minmay_arrival_radiant_lines, layout_loops_ring, serial_shops, shop,
          chequers_ecumenical_altar_lobes
D:2:      layout_rooms, hangedman_feature_mirror
D:3:      layout_loops_ring
D:4:      layout_gridville, old_standard_altar, temple_pool_b,
          gammafunk_ghost_icy
D:5:      layout_basic, general_overflow_altar, amcnicky_mini_pool_small,
          serial_park_tiny_pond, nicolae_specific_store, uniq_menkaure
D:6:      kennysheep_housing_project, layout_gridville, marbit_many_paths,
          mainiacjoe_overflow_boulevard, gup_sewer_entry_spiral,
          guppyfry_shop_venom, uniq_edmund
Temple:   minmay_freezing_vapour_temple

Skill      XL: |  1  2  3  4  5  6  7  8  9 |
---------------+----------------------------+-----
Spellcasting   | 3 4 5 6 |  6.1
Fighting       | 3 7 8 |  8.0
Dodging        | |  2.1
Stealth        | |  1.5

Action                   |  1- 3 |  4- 6 |  7- 9 || total
-------------------------+-------+-------+-------++-------
Melee: Unarmed           |     1 |    11 |    44 ||    56
       Headbutt          |       |       |     2 ||     2
 Cast: Sting             |    52 |    59 |    75 ||   186
       Olgreb's Toxic Ra |       |     8 |    31 ||    39
       Poisonous Vapours |       |     2 |    15 ||    17
       Gell's Gravitas   |       |       |     4 ||     4
       Beastly Appendage |       |       |     1 ||     1
       Airstrike         |       |       |     9 ||     9
  Use: Scroll            |       |     1 |     9 ||    10
       Potion            |       |       |     3 ||     3
 Stab: Sleeping          |       |     1 |       ||     1
Armor: Robe              |     3 |     6 |    17 ||    26
Dodge: Dodged            |    12 |    18 |    87 ||   117

Table legend: (Time is in decaauts)
 A = Elapsed time spent in this place.
 B = Non-inter-level travel time spent in this place.
 C = Inter-level travel time spent in this place.
 D = Time resting spent in this place.
 E = Time spent auto-exploring this place.
 F = Levels seen in this place.
 G = Mean time per level.
                   A        B        C        D        E       F      G
               +--------+--------+--------+--------+--------+-----+--------+
         Total |   9282 |   8797 |    485 |   2425 |   5428 |   8 | 1160.2 |
       Dungeon |   8181 |   7696 |    485 |   2280 |   4598 |   6 | 1363.5 |
        Temple |     63 |     63 |      0 |      0 |     57 |   1 |   63.0 |
         Sewer |   1036 |   1036 |      0 |    145 |    773 |   1 | 1036.0 |
               +--------+--------+--------+--------+--------+-----+--------+

Top non-repeatable levels by time:
     D:4: 2068 daAuts
     D:1: 1607 daAuts
     D:6: 1425 daAuts
     D:5: 1119 daAuts
   Sewer: 1036 daAuts
     D:3: 1032 daAuts
     D:2: 929 daAuts
  Temple: 63 daAuts
